 Dungeon Crawl Stone Soup version 0.17-a0-1763-g847a857 (webtiles) character file.

4 Gorice the Scratcher (level 1, 0/9 HPs)
             Began as a Felid Wanderer on Sept 4, 2015.
             Slain by a bat (1 damage)
             ... on level 1 of the Dungeon.
             The game lasted 00:00:49 (131 turns).

Gorice the Scratcher (Felid Wanderer)                Turns: 131, Time: 00:00:49

Health: 0/9        AC:  1    Str:  8    XL:     1   Next: 50%
Magic:  2/2        EV: 16    Int: 15    God:
Gold:   15         SH:  0    Dex: 13    Spells: 0 memorised, 0 levels left
                                        Lives:  0   Deaths: 0

rFire  . . .     SeeInvis +       - Unarmed
rCold  . . .     Clarity  .     (armour unavailable)
rNeg   . . .     SustAt   .     (shield unavailable)
rPois  .         Gourm    .     (helmet unavailable)
rElec  .         Spirit   .     (cloak unavailable)
rCorr  .         Warding  .     (gloves unavailable)
rMut   .         Stasis   .     (boots unavailable)
MR     .....                    (no amulet)
Stlth  ++........               (no ring)
                                (no ring)

@: quick, not resistant to hostile enchantments, unstealthy
A: no armour, no weapons or thrown items, claws 1, fangs 3, see invisible,
carnivore 3, speed 1, shaggy fur 1, slow metabolism 1, sharp paws
a: no special abilities


You were on level 1 of the Dungeon.
You were not hungry.

You visited 1 branch of the dungeon, and saw 1 of its levels.

You collected 15 gold pieces.

Inventory:

Scrolls
 d - a scroll of teleportation {!r}
Potions
 a - a potion of haste {!q}
 b - 2 potions of heal wounds {!q}
 c - a potion of curing
 f - a potion of might {unknown}
Comestibles
 e - a meat ration {!e}


   Skills:
 + Level 2.0 Fighting
 + Level 1.8 Dodging
 + Level 1.5 Stealth
 + Level 5.0 Unarmed Combat
   Level 1.1 Evocations


You couldn't memorise any spells.
You didn't know any spells.

Dungeon Overview and Level Annotations

Branches:
Dungeon (1/15)

Altars:


Innate Abilities, Weirdness & Mutations

You cannot wear armour.
You are incapable of wielding weapons or throwing items.
You have sharp claws.
You have razor-sharp teeth.
You have supernaturally acute eyesight.
You are carnivorous and can eat meat at any time.
You cover ground quickly.
You are covered in fur (AC +1).
You have a slow metabolism.
Your sharp claws are effective at attacking unaware monsters.


Message History

No target in view!
Found a stone staircase leading down.
f - a metallic golden potion A bat comes into view.
No target in view!
No target in view!
No target in view!
Found 3 gold pieces.
The bat hits you but does no damage.
You miss the bat. The bat misses you. The bat hits you but does no damage.
A giant cockroach comes into view.
The bat closely misses you. The bat misses you.
You scratch the bat. Your bite misses the bat.
The bat is moderately wounded.
The bat completely misses you.
You claw the bat!
You kill the bat!
A bat comes into view.
Found a bread ration.
You see here a bat corpse.
The giant cockroach bites you.
Damage: 2 (max 2)
You barely miss the giant cockroach. The giant cockroach closely misses you.
You barely miss the giant cockroach. The giant cockroach closely misses you.
You completely miss the giant cockroach.
The bat misses you. The giant cockroach bites you. The bat closely misses you.
Damage: 1 (max 2)
You barely miss the giant cockroach. The bat barely misses you.
The giant cockroach barely misses you. The bat closely misses you.
You scratch the giant cockroach but do no damage.
Your bite misses the giant cockroach. The bat hits you.
The giant cockroach bites you.
* * * LOW HITPOINT WARNING * * *
Damage: 3 (max 3) Unknown command.
The bat closely misses you. The bat completely misses you.
The bat barely misses you. The bat closely misses you.
The bat barely misses you. The bat misses you. x2
The bat hits you.
* * * LOW HITPOINT WARNING * * *
The bat hits you but does no damage.
Damage: 1 (max 3)
The bat hits you but does no damage. The bat misses you. The bat hits you.
You die...

#.##....#......... .
#..###............
#.### ...#..##.......#
....###.#..#(....###.
#...#..........#
##..s..#......>.
##................
##.b...............
#..@............####
#................ .
#........#......# (
#.#....>.#.....# .
#.##...#.......# . ..
###.........# .
.#####.....##.#.# .
..........(.##.#.#####
####.........#......


You could see a giant cockroach and a bat.

Vanquished Creatures
  3 bats (D:1)
  A rat (D:1)
4 creatures vanquished.

Notes
Turn   | Place    | Note
--------------------------------------------------------------
     0 | D:1      | Gorice the Felid Wanderer began the quest for the Orb.
     0 | D:1      | Gorice set off with: a potion of haste {!q}, a potion of heal wounds {!q}, a potion of curing, a scroll of teleportation {!r}, a meat ration {!e}
     0 | D:1      | Reached XP level 1. HP: 9/9 MP: 2/2
   120 | D:1      | HP: 2/9 [giant cockroach (2)]
   127 | D:1      | HP: 1/9 [bat (1)]
   131 | D:1      | Slain by a bat

Vault maps used:
D:1:      dpeg_arrival_lava_temple_mockup

Action                   || total
-------------------------++-------
Melee: Unarmed           ||    13
 Stab: Sleeping          ||     2
  Eat: Chunk             ||     1

Table legend:
 A = Turns spent in this place as a percentage of turns spent in the entire game.
 B = Non-inter-level travel turns spent in this place as a percentage of non-inter-level travel turns spent in the entire game.
 C = Inter-level travel turns spent in this place as a percentage of turns spent in this place.
 D = Turns resting spent in this place as a percentage of non-inter-level travel turns spent in this place.
 E = Turns spent auto-exploring this place as a percentage of non-inter-level travel turns spent in this place.
 F = Non-inter-level travel turns spent in this place divided by the number of levels of this place that you've seen.
                   A       B       C       D       E      F
               +-------+-------+-------+-------+-------+----------------------
         Total | 100.0 | 100.0 |   0.0 |   0.0 |   8.5 |  82.0
       Dungeon | 100.0 | 100.0 |   0.0 |   0.0 |   8.5 |  82.0
               +-------+-------+-------+-------+-------+----------------------

Vault maps used:
D:1:      dpeg_arrival_lava_temple_mockup
